 Dungeon Crawl Stone Soup version 0.20-a0-222-gb69ddcd (webtiles) character file.

4174 KristoblXynda the Conjurer (level 10, 0/71 HPs)
             Began as a Red Draconian Venom Mage on Nov 29, 2016.
             Was a Follower of Vehumet.
             Succumbed to a black mamba's poison
             ... on level 1 of the Lair of Beasts.
             The game lasted 00:27:26 (9198 turns).

KristoblXynda the Conjurer (DrVM)                   Turns: 9198, Time: 00:27:26

Health: 0/71       AC:  9    Str: 13 (16) XL:     10   Next: 8%
Magic:  20/20      EV: 15    Int: 16 (18) God:    Vehumet [*.....]
Gold:   308        SH:  6    Dex: 11 (12) Spells: 13/22 levels left

rFire  + . .     SeeInvis .     w - staff of energy
rCold  . . .     Gourm    .     (armour unavailable)
rNeg   . . .     Faith    .     c - +1 buckler
rPois  .         Spirit   .     (helmet restricted)
rElec  .         Reflect  .     (no cloak)
rCorr  .         Harm     .     g - +1 pair of gloves
MR     .....                    (no boots)
Stlth  ++........               (no amulet)
                                t - +3 ring of evasion
                                h - ring of wizardry

@: mighty, lethally poisoned (0 -> -55), very slightly contaminated
A: breathe fire, unfitting armour, fire resistance 1, cold-blooded, AC +7
a: Breathe Fire, Renounce Religion


You were on level 1 of the Lair of Beasts.
You worshipped Vehumet.
Vehumet was aware of your devotion.
You were not hungry.

You visited 3 branches of the dungeon, and saw 10 of its levels.

You collected 398 gold pieces.
You spent 90 gold pieces at shops.

Inventory:

Armour
 c - a +1 buckler (worn)
 g - a +1 pair of gloves (worn)
Magical Staves
 w - an uncursed staff of energy (weapon)
Jewellery
 h - a ring of wizardry (left hand)
 t - a +3 ring of evasion (right hand)
Scrolls
 i - 3 scrolls of enchant armour
 j - 2 scrolls of blinking
 k - 3 scrolls of recharging
 m - a scroll of fog
 s - a scroll of immolation
Potions
 d - 2 potions of cure mutation
 f - a potion of ambrosia
 l - a potion of lignification {unknown}
 v - 2 potions of haste
 B - a potion of resistance
 C - a potion of flight
Comestibles
 b - 4 bread rations
 n - a slice of pizza
 u - a meat ration
 z - 3 fruits


   Skills:
 + Level 1.3 Fighting
 - Level 2.0 Staves
 - Level 2.0 Dodging
 - Level 1.7 Stealth
 - Level 5.0 Shields
 - Level 5.0 Unarmed Combat
 - Level 6.8 Spellcasting
 + Level 7.0 Conjurations
 + Level 5.7 Fire Magic
 - Level 2.0 Air Magic
 - Level 5.0 Poison Magic
 + Level 2.4 Evocations


You had 13 spell levels left.
You knew the following spells:

 Your Spells              Type           Power        Failure   Level  Hunger
a - Sting                 Conj/Pois      ###.         1%          1    None
b - Mephitic Cloud        Conj/Pois/Air  ###.....     3%          3    None
c - Fireball              Conj/Fire      ####......   12%         5    None


Dungeon Overview and Level Annotations

Branches:
Dungeon (8/15)             Temple (1/1) D:6            Lair (1/6) D:8

Altars:
Ashenzari
Cheibriados
Dithmenos
Elyvilon
Fedhas
Gozag
Hepliaklqana
Makhleb
Nemelex Xobeh
Okawaru
Qazlal
Ru
Sif Muna
Trog
Uskayaw
Vehumet
Xom
Yredelemnul
Zin
The Shining One

Shops:
D:8 ?


Innate Abilities, Weirdness & Mutations

You can breathe blasts of fire.
Your fiery red scales are hard. (AC +7)
You cannot fit into any form of body armour.
Your flesh is heat resistant. (rF+)
You are cold-blooded and may be slowed by cold attacks.


Message History

Unknown command.
You're too confused!
You bump into the rock wall.
* * * LOW HITPOINT WARNING * * *
You feel very sick. The black mamba bites you!
* * * LOW HITPOINT WARNING * * *
The black mamba barely misses you.
Unknown command.
It was a potion of might.
You feel very mighty all of a sudden.
You feel less invigorated.
You feel less confused.
* * * LOW HITPOINT WARNING * * *
You feel very sick. You block the black mamba's attack.
The black mamba closely misses you.
Blink to where?
Press: ? - help, Dir - move target cursor
As you read the scroll of blinking, it crumbles to dust.
You die...

### ##### ###
#ยง######.#.#####.#
#.#SY.........#...##
## #.......Y..YY..P#
##....#####P##.##
#.....# #####.##
#.....# ##Y###
#....## ##Y.# #...@#
#...### ##....#
......##Y#. #......
...... #Y.#
#.............# ##..
........)....# ##.
#............. #.
.#...........# #.
###.......... #. #.


You could see a black mamba and a yak.

Vanquished Creatures
  A hydra (D:6)
  A yak (Lair:1)
  Eustachio (D:5)
  Menkaure (D:5)
  The ghost of Zorot the Skirmisher, an amateur GrBe of Trog (D:4)
  A water moccasin (D:6)
  2 porcupines (Lair:1)
  An orc warrior (D:7)
  4 ice beasts
  2 ogres
  3 centaurs
  6 bullfrogs
  A wyvern skeleton (D:7)
  3 scorpions
  3 killer bees (D:7)
  5 wights (D:6)
  3 howler monkeys
  2 crimson imps (D:6)
  5 hounds
  A bullfrog skeleton (D:6)
  2 iguanas
  4 orc wizards
  5 worker ants
  12 adders
  3 shadow imps
  3 adder skeletons
  A worm (D:2)
  7 leopard geckos
  23 orcs
  7 giant cockroaches
  5 goblins
  11 hobgoblins
  12 jackals
  8 quokkas
  2 ball pythons
  A ball python skeleton (D:4)
  5 bats
  7 frilled lizards
  A kobold (D:1)
  2 leopard gecko skeletons
  3 quokka skeletons
  8 rats
179 creatures vanquished.

Vanquished Creatures (others)
  A plant (Lair:1)
1 creature vanquished.

Grand Total: 180 creatures vanquished

Notes
Turn   | Place    | Note
-------+----------+-------------------------------------------
     0 | D:1      | KristoblXynda the Draconian Venom Mage began the quest for the Orb.
     0 | D:1      | Reached XP level 1. HP: 14/14 MP: 3/3
   223 | D:1      | Reached XP level 2. HP: 20/20 MP: 3/5
   834 | D:1      | Reached skill level 1 in Conjurations
  1228 | D:2      | Reached XP level 3. HP: 22/26 MP: 0/6
  1233 | D:2      | Learned a level 3 spell: Mephitic Cloud
  1998 | D:2      | Reached XP level 4. HP: 32/33 MP: 4/8
  2506 | D:3      | Reached skill level 2 in Conjurations
  3612 | D:4      | Reached skill level 5 in Poison Magic
  3612 | D:4      | Reached XP level 5. HP: 38/38 MP: 1/10
  3767 | D:4      | Noticed Zorot's ghost (amateur GrBe)
  4013 | D:4      | Reached skill level 1 in Unarmed Combat
  4030 | D:4      | Reached skill level 3 in Conjurations
  4055 | D:4      | Killed Zorot's ghost
  4055 | D:4      | Reached XP level 6. HP: 28/45 MP: 5/12
  4288 | D:4      | Reached skill level 1 in Shields
  4783 | D:4      | Your scales start taking on a fiery red colour.
  4783 | D:4      | Reached XP level 7. HP: 31/50 MP: 7/13
  4783 | D:4      | Gained mutation: Your flesh is heat resistant. (rF+) [Red Draconian growth]
  4790 | D:5      | Entered Level 5 of the Dungeon
  4931 | D:5      | Noticed Eustachio
  4996 | D:5      | Reached skill level 4 in Conjurations
  5304 | D:5      | Noticed Menkaure
  5350 | D:5      | Killed Menkaure
  5350 | D:5      | Reached skill level 5 in Spellcasting
  5350 | D:5      | Reached skill level 1 in Air Magic
  5430 | D:5      | You fall through a shaft for 2 floors!
  5434 | D:7      | Reached XP level 8. HP: 57/57 MP: 13/15
  5781 | D:5      | Killed Eustachio
  6149 | D:6      | Found a staircase to the Ecumenical Temple.
  6161 | Temple   | Entered the Ecumenical Temple
  6417 | Temple   | Became a worshipper of Vehumet
  6622 | D:6      | Learned a level 5 spell: Fireball
  6660 | D:6      | Reached skill level 1 in Fighting
  6660 | D:6      | Reached skill level 5 in Conjurations
  6785 | D:6      | Reached skill level 1 in Fire Magic
  7162 | D:6      | Reached XP level 9. HP: 64/64 MP: 11/18
  7181 | D:6      | Noticed a six-headed hydra
  7202 | D:6      | Killed a six-headed hydra
  7202 | D:6      | Reached skill level 5 in Shields
  7202 | D:6      | Reached skill level 6 in Conjurations
  7404 | D:6      | Reached skill level 5 in Unarmed Combat
  7436 | D:6      | Found a shimmering altar of Xom.
  7437 | D:6      | Found a glowing silver altar of Zin.
  7438 | D:6      | Found a bloodstained altar of Trog.
  7440 | D:6      | Found a sacrificial altar of Ru.
  7441 | D:6      | Found a hazy altar of Hepliaklqana.
  7506 | D:6      | Reached * piety under Vehumet
  7506 | D:6      | Offered knowledge of Magic Dart by Vehumet.
  8173 | D:7      | Reached skill level 1 in Evocations
  8389 | D:7      | Reached skill level 5 in Fire Magic
  8897 | D:7      | Reached skill level 1 in Staves
  9017 | D:8      | Found Tuiqo's Magic Scroll Shop.
  9023 | D:8      | Bought a scroll of immolation for 42 gold pieces
  9023 | D:8      | Bought a scroll of identify for 24 gold pieces
  9023 | D:8      | Bought a scroll of identify for 24 gold pieces
  9114 | D:8      | Found a staircase to the Lair.
  9120 | Lair:1   | Entered Level 1 of the Lair of Beasts
  9125 | Lair:1   | Reached XP level 10. HP: 71/71 MP: 14/20
  9133 | Lair:1   | Reached skill level 7 in Conjurations
  9175 | Lair:1   | Noticed a black mamba
  9198 | Lair:1   | Succumbed to a black mamba's poison

Vault maps used:
D:1:      shiori_shiawase
D:3:      first_bread
D:5:      uniq_eustachio, uniq_menkaure
D:6:      minmay_cornered_nines, minitemple
D:8:      minmay_thick_lines, kiku_gazebo_pond_becter, dpeg_oklobed_lair,
          serial_shops, shop_statue
Temple:   regret_index_temple_generic_petals
Lair:1:   enter_volcano_2

Skill      XL: |  1  2  3  4  5  6  7  8  9 10 |
---------------+-------------------------------+-----
Conjurations   | 1 2 3 4 5 6 7 |  7.0
Spellcasting   | 3 4 5 6 |  6.8
Poison Magic   | 5 |  5.0
Unarmed Combat | 2 3 4 5 |  5.0
Shields        | 1 3 4 5 |  5.0
Air Magic      | 1 2 |  2.0
Fighting       | 1 |  1.3
Fire Magic     | 2 5 |  5.7
Dodging        | 2 |  2.0
Evocations     | 2 |  2.4
Staves         | 1 2 |  2.0
Stealth        | |  1.7

Action                   |  1- 3 |  4- 6 |  7- 9 | 10-12 || total
-------------------------+-------+-------+-------+-------++-------
Melee: Unarmed           |    28 |   155 |   234 |       ||   417
       Tailslap          |     3 |    19 |    21 |       ||    43
       Staff             |       |       |    15 |     1 ||    16
 Cast: Sting             |    77 |   109 |   175 |    18 ||   379
       Mephitic Cloud    |       |     1 |     3 |       ||     4
       Fireball          |       |       |       |     1 ||     1
 Abil: Breathe Fire      |       |       |    15 |     1 ||    16
  Use: Scroll            |       |     7 |     9 |     2 ||    18
       Potion            |       |     5 |     2 |     3 ||    10
 Stab: Sleeping          |     1 |     2 |     1 |       ||     4
       Invisible         |       |     1 |       |       ||     1
  Eat: Chunk             |     4 |     4 |     6 |       ||    14
       Bread ration      |       |     1 |     1 |       ||     2
       Beef jerky        |       |       |     2 |       ||     2
       Fruit             |       |       |     5 |       ||     5
Armor: Skin              |     8 |    54 |   113 |     7 ||   182
Dodge: Dodged            |    19 |   130 |   198 |    22 ||   369
Block: Buckler           |       |       |    55 |     7 ||    62
